 Dungeon Crawl Stone Soup version 0.28.0-43-g3370ac3207 (webtiles) character file.

Game seed: 6644405638227917864

118 nickcage the Chopper (level 4, -3/40 HPs)
             Began as a Deep Dwarf Fighter on Mar 24, 2022.
             Killed by divine providence
             ... invoked by an orc priest
              (5 damage)
             ... on level 3 of the Dungeon.
             The game lasted 00:04:12 (1170 turns).

nickcage the Chopper (Deep Dwarf Fighter)           Turns: 1170, Time: 00:04:13

Health: -3/40      AC:  8    Str: 22    XL:     4   Next: 72%
Magic:  4/4        EV:  9    Int:  8    God:
Gold:   86         SH:  4    Dex: 12    Spells: 3/3 levels left

rFire   . . .      SeeInvis +   a - +0 war axe
rCold   . . .      Faith    .   c - +0 buckler
rNeg    . . .      Spirit   .   b - +0 scale mail
rPois   .          Reflect  .   (no helmet)
rElec   .          Harm     .   (no cloak)
rCorr   .          Rampage  .   k - +0 pair of gloves
Will    .....                   (no boots)
Stlth   ..........              (no amulet)
HPRegen 0.00/turn               m - ring of see invisible
MPRegen 0.09/turn               (no ring)

@: no status effects
A: damage resistance, heal wounds, sense surroundings 1, no regeneration
a: Heal Wounds


You were on level 3 of the Dungeon.
You visited 1 branch of the dungeon, and saw 3 of its levels.

You collected 86 gold pieces.

Inventory:

Hand Weapons
 a - a +0 war axe (weapon)
Missiles
 f - 8 poisoned darts
Armour
 b - a +0 scale mail (worn)
 c - a +0 buckler (worn)
 k - a +0 pair of gloves (worn)
Jewellery
 h - a ring of fire
 m - a ring of see invisible (left hand)
Scrolls
 g - a scroll of vulnerability {unknown}
 j - a scroll of amnesia {unknown}
 n - a scroll of teleportation {unknown}
Potions
 d - 2 potions of might
 e - 2 potions of attraction {unknown}
 i - a potion of haste {unknown}
 l - a potion of brilliance {unknown}


   Skills:
 - Level 2.6 Fighting
 + Level 5.5 Axes
 - Level 3.2 Armour
 - Level 3.2 Shields


You had 3 spell levels left.
You didn't know any spells.
Your spell library was empty.

Dungeon Overview and Level Annotations

Branches:
Dungeon (3/15)

Altars:


Innate Abilities, Weirdness & Mutations

You are resistant to damage.
You can heal yourself by infusing magical energy.
You passively map a small area around you.
You do not regenerate.


Message History

You barely miss the orc priest. You closely miss the orc.
You slash the orc priest!
The orc priest calls upon Beogh to heal the orc priest.
The orc priest is healed somewhat.
The orc priest calls upon Beogh to heal the orc priest.
The orc priest's wounds heal themselves!
The orc priest looks encouraged for a moment.
You barely miss the orc priest. You closely miss the orc priest.
You closely miss the orc. You block the orc's attack.
The orc priest hits you but does no damage. x2
You hit the orc priest.
The orc priest is lightly wounded.
You hit the orc priest. You barely miss the orc priest. You slash the orc!
You kill the orc!
The orc priest hits you but does no damage. x2
The orc priest hits you with a +0 club.
You closely miss the orc priest.
The orc priest is lightly wounded.
You hit the orc priest but do no damage.
You hit the orc priest.
The orc priest invokes the aid of Beogh against you.
Beogh smites you!
* * * LOW HITPOINT WARNING * * *
You block the orc priest's attack.
The orc priest calls down the wrath of Beogh upon you.
Beogh smites you!
* * * LOW HITPOINT WARNING * * *
The orc priest hits you with a +0 short sword.
* * * LOW HITPOINT WARNING * * *
The orc priest hits you but does no damage.
You are too injured to fight recklessly!
You are too injured to fight recklessly!
You hit the orc priest.
The orc priest is moderately wounded.
You hit the orc priest.
You hit the orc priest but do no damage.
You block the orc priest's attack.
The orc priest invokes the aid of Beogh against you.
Beogh smites you!
You die...

,, , * ,, * , * ** , ##
* , #. ##+# , #. ##...#
,* #. ##....o##**###
##### #. #.....o@# ,....
...# #. * ......o).#
##...##.####. .........+
.............
.........#,##...##<####.
, #.......## *## *#.# #.
* ##.....## ... ###
##...# * ##..##.. ##+#*
, #..##.# * #..##.#


You could see 3 orc priests.

Vanquished Creatures
  A hound (D:2)
  3 adders (D:2)
  2 dart slugs (D:2)
  2 worms (D:2)
  An orc (D:3)
  6 bats
  6 endoplasms
  2 giant cockroaches
  3 hobgoblins
  5 jackals
  7 kobolds
  3 ball pythons
  3 frilled lizards
  3 goblins
  5 rats
52 creatures vanquished.

Vanquished Creatures (others)
  A plant (D:1)
1 creature vanquished.

Grand Total: 53 creatures vanquished

Notes
Turn   | Place    | Note
-------+----------+-------------------------------------------
     0 | D:1      | nickcage the Deep Dwarf Fighter began the quest for the
                  | Orb.
     0 | D:1      | Reached XP level 1. HP: 20/20 MP: 1/1
    82 | D:1      | Reached skill level 3 in Axes
    82 | D:1      | Reached XP level 2. HP: 21/27 MP: 2/2
   508 | D:2      | Reached skill level 4 in Axes
   508 | D:2      | Reached XP level 3. HP: 12/33 MP: 3/3
   708 | D:2      | Reached XP level 4. HP: 37/40 MP: 4/4
   752 | D:2      | Reached skill level 5 in Axes
   755 | D:2      | Found a faded altar of an unknown god.
  1169 | D:3      | HP: 2/40 [orc priest/+0 short sword (1)]
  1170 | D:3      | Killed from afar by an orc priest

Illustrated notes

Levels and vault maps discovered:
D:1:      eino_arrival_water_cross, layout_rooms
D:2:      layout_loops_ring, basic_ecumenical_altar
D:3:      layout_loops_corners, uniq_sigmund

Skill      XL: |  1  2  3  4 |
---------------+-------------+-----
Axes           | 3 4 5 |  5.5
Fighting       | |  2.6
Armour         | |  3.2
Shields        | |  3.2

Action                   |  1- 3 |  4- 6 || total
-------------------------+-------+-------++-------
Melee: War axe           |    97 |    33 ||   130
 Abil: Heal Wounds       |     1 |       ||     1
Armor: Scale mail        |    48 |    20 ||    68
Dodge: Dodged            |    40 |    16 ||    56
Block: Buckler           |    23 |    10 ||    33
